 Dungeon Crawl Stone Soup version 0.21-a0-434-g806c6c2 (webtiles) character file.

70 slep the Skirmisher (level 4, 0/35 HPs)
             Began as a Demonspawn Berserker on Nov 9, 2017.
             Was a Believer of Trog.
             Slain by an orc
             ... wielding a +0 trident
              (9 damage)
             ... on level 3 of the Dungeon.
             The game lasted 00:07:34 (1080 turns).

slep the Skirmisher (Demonspawn Berserker)          Turns: 1080, Time: 00:07:40

Health: 0/35       AC:  7    Str: 17    XL:     4   Next: 3%
Magic:  4/4        EV:  9    Int: 12    God:    Trog [**....]
Gold:   91         SH:  7    Dex: 13    Spells: 3/3 levels left

rFire    + . .     SeeInvis .   a - +0 falchion
rCold    + . .     Gourm    .   k - +0 shield
rNeg     . . .     Faith    .   t - +0 leather armour
rPois    .         Spirit   .   p - +0 helmet {Int+3}
rElec    .         Reflect  .   l - scarf {rC+ rF+}
rCorr    .         Harm     .   (no gloves)
MR       .....                  (no boots)
Stlth    +.........             q - amulet of regeneration
HPRegen  0.51/turn              (no ring)
MPRegen  0.09/turn              (no ring)

@: berserk cooldown, slowed, very slow
A: claws 1, icy blue scales 2
a: Berserk, Trog's Hand, Burn Spellbooks, Renounce Religion


You were on level 3 of the Dungeon.
You worshipped Trog.
Trog was pleased with you.
You were very hungry.

You visited 1 branch of the dungeon, and saw 3 of its levels.

You collected 91 gold pieces.

Inventory:

Hand Weapons
 a - a +0 falchion (weapon)
 g - a +0 whip of electrocution
 j - a +0 dagger of venom
 v - a +2 dagger of venom
Missiles
 m - 5 javelins (quivered)
Armour
 b - a +0 animal skin
 k - a +0 shield (worn)
 l - a scarf of resistance (worn)
 p - a +0 helmet of intelligence (worn)
 t - a +0 leather armour (worn)
Jewellery
 q - an amulet of regeneration (around neck)
Scrolls
 d - 6 scrolls of identify {unknown}
 e - a scroll of magic mapping {unknown}
 h - a scroll of recharging {unknown}
 i - 3 scrolls of teleportation {unknown}
 u - a scroll of fear {unknown}
 w - a scroll of enchant armour {unknown}
Potions
 o - a potion of ambrosia {unknown}
 r - a potion of brilliance {unknown}
 s - a potion of experience {unknown}
 x - a potion of berserk rage {unknown}
Comestibles
 c - 2 bread rations
 n - a meat ration


   Skills:
 + Level 3.5 Fighting
 + Level 3.4 Long Blades
 + Level 0.3 Maces & Flails
 + Level 2.0 Armour
 + Level 2.3 Dodging
 + Level 0.4 Shields


You had 3 spell levels left.
You didn't know any spells.

Dungeon Overview and Level Annotations

Branches:
Dungeon (3/15)

Altars:
Ashenzari
Qazlal
The Shining One


Innate Abilities, Weirdness & Mutations

You have sharp fingernails.
You are mostly covered in icy blue scales. (AC +3)


Message History

You hit the orc priest.
The orc priest is moderately wounded.
The orc priest mumbles some strange prayers to Beogh against you.
Beogh smites you! The orc closely misses you.
The orc priest mumbles some strange prayers to Beogh against you.
Beogh smites you! The orc barely misses you.
You hit the orc priest.
The orc priest is severely wounded.
The orc priest hits you but does no damage.
The orc hits you but does no damage. The orc priest hits you with a dagger.
The orc closely misses you.
An orc and an orc wizard come into view.
The orc wizard shouts!
You hit the orc priest but do no damage.
The orc priest is severely wounded.
The orc priest hits you with a dagger.
* * * LOW HITPOINT WARNING * * *
You hear some strange, mumbled words.
The orc hits you with a trident!
You die...

. .. ? #.# .
.##.. ....
.... .... ###
#..# ....##..
..#
..##....####.#
......#oo@)..#
#...o#####
##...# ##...#
#..<.#
#.....o###
#####.o #..
..#


You could see an orc priest, an orc wizard and 3 orcs.

Vanquished Creatures
  3 adders (D:2)
  A worm (D:2)
  A dart slug (D:2)
  A leopard gecko (D:1)
  3 orcs (D:3)
  5 bats
  A giant cockroach (D:3)
  2 goblins
  5 hobgoblins
  A quokka (D:3)
  A frilled lizard (D:1)
  7 kobolds
  6 rats
37 creatures vanquished.

Notes
Turn   | Place    | Note
-------+----------+-------------------------------------------
     0 | D:1      | slep the Demonspawn Berserker began the quest for the Orb.
     0 | D:1      | Reached XP level 1. HP: 18/18 MP: 1/1
   308 | D:1      | Gained mutation: You are partially covered in icy blue scales. (AC +2) [demonic ancestry]
   308 | D:1      | Reached XP level 2. HP: 18/24 MP: 2/2
   664 | D:2      | Gained mutation: You have sharp fingernails. [demonic ancestry]
   664 | D:2      | Reached XP level 3. HP: 29/29 MP: 3/3
   699 | D:2      | Found a shattered altar of Ashenzari.
   721 | D:2      | Reached ** piety under Trog
   726 | D:2      | HP: 1/29 [kobold (3)]
   982 | D:2      | Found a stormy altar of Qazlal.
  1040 | D:2      | Found a glowing golden altar of the Shining One.
  1072 | D:3      | Gained mutation: You are mostly covered in icy blue scales. (AC +3) [demonic ancestry]
  1072 | D:3      | Reached XP level 4. HP: 35/35 MP: 4/4
  1080 | D:3      | Slain by an orc

Vault maps used:
D:1:      mrwooster_arrival_statue_2, minmay_misc_feat_roman
D:2:      tso_oasis_becter, lemuel_round_altar, nicolae_qazlal_eye_of_the_storm
D:3:      first_bread, uniq_crazy_yiuf_cottage

Skill      XL: |  1  2  3 |
---------------+----------+-----
Dodging        | 2 |  2.3
Long Blades    | 3 |  3.4
Armour         | 2 |  2.0
Fighting       | |  3.5
Maces & Flails | |  0.3
Shields        | |  0.4

Action                   |  1- 3 |  4- 6 || total
-------------------------+-------+-------++-------
Melee: Falchion          |   115 |     7 ||   122
       Whip              |     8 |       ||     8
Invok: Berserk           |     2 |       ||     2
  Use: Potion            |     1 |       ||     1
  Eat: Chunk             |     1 |       ||     1
Armor: Animal skin       |    12 |       ||    12
       Leather armour    |    27 |     2 ||    29
Dodge: Dodged            |    63 |     5 ||    68
Block: Shield            |    32 |     4 ||    36
       Rpst.: Falchion   |    15 |     1 ||    16

Table legend:
 A = Spawn XP
 B = Non-spawn XP
 C = Spawn XP percentage of total XP
 D = Spawn monster count
 E = Non-spawn monster count
 F = Spawn count percentage of total count
 G = Total turns spent on level
                    A         B        C        D         E        F      G
               +---------+---------+-------+---------+---------+-------+---------
         Total |       0 |     100 |   0.0 |       0 |      37 |   0.0 |  1080
               +---------+---------+-------+---------+---------+-------+---------
           D:1 |       0 |      23 |   0.0 |       0 |      16 |   0.0 |   598
           D:2 |       0 |      62 |   0.0 |       0 |      15 |   0.0 |   453
           D:3 |       0 |      15 |   0.0 |       0 |       6 |   0.0 |    29
               +---------+---------+-------+---------+---------+-------+---------
